 Dungeon Crawl Stone Soup version 0.25.1-2-g60ff931df9 (webtiles) character file.

Game seed: 14482319045412406668

118913 hawla the Fencer (level 16, -4/149 HPs)
             Began as a Minotaur Fighter on Oct 19, 2020.
             Was an Initiate of Gozag.
             Slain by an entropy weaver (12 damage)
             ... on level 2 of the Spider Nest.
             The game lasted 01:36:24 (37531 turns).

hawla the Fencer (Minotaur Fighter)                Turns: 37531, Time: 01:36:24

Health: -4/149     AC: 11    Str: 33      XL:     16   Next: 26%
Magic:  5/5        EV: 14    Int:  5 (7)  God:    Gozag
Gold:   7020       SH:  0    Dex: 18      Spells: 13/16 levels left

rFire    + . .     SeeInvis +   W - +0 triple sword of a sewer {antimagic, +Fly rPois}
rCold    + . .     Gourm    .   (shield currently unavailable)
rNeg     . . .     Faith    .   R - +0 crystal plate armour
rPois    +         Spirit   .   k - +2 hat {SInv}
rElec    +         Reflect  .   S - scarf {repulsion}
rCorr    +         Harm     .   i - +2 pair of gloves
MR       +....                  c - +0 pair of boots
Stlth    ..........             (no amulet)
HPRegen  0.34/turn              K - +6 ring of intelligence
MPRegen  0.09/turn              t - ring of the Bespelling Saviour {rElec Str+6 Int-4 Dex+7 Stlth+}

@: confused, brilliant, resistant, corroded, berserk cooldown, slowed, repel
missiles, very slow
A: retaliatory headbutt, horns 2
a: Potion Petition, Call Merchant, Bribe Branch, Renounce Religion, Evoke Flight


You were on level 2 of the Spider Nest.
You worshipped Gozag.
Gozag was greatly pleased with you.
You were not hungry.

You visited 5 branches of the dungeon, and saw 25 of its levels.
You also visited: Ossuary and Ice Cave.

You collected 14303 gold pieces.
You spent 7206 gold pieces at shops.
You paid 77 gold pieces to Gozag.

Inventory:

Hand Weapons
 W - the +0 triple sword of a sewer (weapon) {antimagic, +Fly rPois}
   (You bought it in a shop on level 1 of the Orcish Mines)

   It reduces the magical energy of the wielder, and disrupts the spells and
   magical abilities of those hit.
   Natural abilities and divine invocations are not affected.
   It protects you from poison.
   It lets you fly.
Missiles
 y - 13 javelins
 D - 69 poisoned darts
 Q - 9 boomerangs (quivered)
Armour
 c - a +0 pair of boots (worn)
 i - a +2 pair of gloves (worn)
 k - a +2 hat of see invisible (worn)
 R - a +0 crystal plate armour (worn)
 S - a scarf of repulsion (worn)
Jewellery
 a - a +6 ring of intelligence
 r - an uncursed ring of resist corrosion
 t - the ring of the Bespelling Saviour (right hand) {rElec Str+6 Int-4 Dex+7 Stlth+}
   (You found it on level 6 of the Lair of Beasts)

   [ring of strength]

   It affects your strength (+6).
   It affects your intelligence (-4).
   It affects your dexterity (+7).
   It insulates you from electricity.
   It makes you more stealthy.
 H - the amulet "Nuzesab" {Acrobat rC+ MP+9}
   (You acquired it on level 10 of the Dungeon)

   [amulet of the acrobat]

   It helps you evade while moving and waiting.
   It protects you from cold.
   It affects your magic capacity (+9).
 I - an uncursed ring of positive energy
 K - a +6 ring of intelligence (left hand)
 O - the ring "Azoffadiol" {rC++ Dex+6}
   (You found it on level 11 of the Dungeon)

   [ring of dexterity]

   It affects your dexterity (+6).
   It greatly protects you from cold.
Wands
 e - a wand of flame (72)
 E - a wand of acid (6)
 G - a wand of clouds (12)
 J - a wand of paralysis (9)
 L - a wand of polymorph (8)
 U - a wand of iceblast (75)
 X - a wand of disintegration (7)
 Z - a wand of digging (6)
Scrolls
 b - 5 scrolls of magic mapping
 g - 7 scrolls of teleportation
 n - a scroll of identify
 o - a scroll of enchant armour
 u - 3 scrolls of remove curse
 A - 2 scrolls of amnesia
 T - 4 scrolls of fear
Potions
 d - 5 potions of might
 h - 9 potions of stabbing
 j - 2 potions of ambrosia
 l - a potion of cancellation
 m - 2 potions of brilliance
 p - 8 potions of invisibility
 s - 3 potions of magic
 v - 6 potions of curing
 w - a potion of resistance
 B - 2 potions of flight
 C - 2 potions of haste
 P - a potion of berserk rage
 Y - a potion of heal wounds
Miscellaneous
 q - a lightning rod (4/4)
 x - a phial of floods
 z - a lightning rod (4/4)
 M - a lightning rod (4/4)
Comestibles
 f - 5 rations


   Skills:
 + Level 15.3 Fighting
 + Level 19.4 Long Blades
   Level 5.6(7.0) Axes
   Level 6.2(7.2) Maces & Flails
 + Level 5.9 Throwing
 + Level 16.3 Armour
 + Level 10.8 Dodging
 + Level 4.4 Stealth
   Level 3.6 Shields
 + Level 0.6 Spellcasting
 + Level 0.2 Translocations
 + Level 2.3 Evocations


You had 13 spell levels left.
You knew the following spells:

 Your Spells              Type           Power        Failure   Level  Hunger
a - Apportation           Tloc           #.....       99%         1    None
b - Blink                 Tloc           N/A          100%        2    None

Your spell library contained the following spells:

 Spells                   Type           Power        Failure   Level  Hunger
 Animate Skeleton         Necr           N/A          99%         1    None
 Corona                   Hex            #......      99%         1    None
 Foxfire                  Conj/Fire      #...         99%         1    None
 Freeze                   Ice            #...         99%         1    None
 Infusion                 Chrm           #...         99%         1    None
 Magic Dart               Conj           #...         99%         1    None
 Summon Small Mammal      Summ           #...         99%         1    None
 Call Imp                 Summ           #.......     100%        2    None
 Shroud of Golubria       Chrm/Tloc      #.....       100%        2    None
 Slow                     Hex            #.......     100%        2    None
 Song of Slaying          Chrm           #.......     100%        2    None
 Confusing Touch          Hex            #.......     100%        3    None
 Conjure Flame            Conj/Fire      #.......     100%        3    None
 Frozen Ramparts          Ice            #.....       100%        3    None
 Gell's Gravitas          Tloc           #.........   100%        3    None
 Inner Flame              Hex/Fire       #.......     100%        3    None
 Mephitic Cloud           Conj/Pois/Air  #.......     100%        3    None
 Ozocubu's Armour         Chrm/Ice       #.......     100%        3    None
 Portal Projectile        Hex/Tloc       #.....       100%        3    None
 Spectral Weapon          Hex/Chrm       #.......     100%        3    None
 Cause Fear               Hex            #.........   100%        4    None
 Hailstorm                Conj/Ice       #.......     100%        4    None
 Ice Form                 Ice/Tmut       #.......     100%        4    None
 Leda's Liquefaction      Hex/Erth       #.........   100%        4    None
 Passage of Golubria      Tloc           N/A          100%        4    None
 Petrify                  Tmut/Erth      #.......     100%        4    None
 Sticky Flame             Conj/Fire      #.......     100%        4    None
 Summon Ice Beast         Ice/Summ       #.......     100%        4    None
 Summon Lightning Spire   Summ/Air       #.......     100%        4    None
 Fireball                 Conj/Fire      #.........   100%        5    None
 Metabolic Englaciation   Hex/Ice        #.........   100%        5    None
 Silence                  Hex/Air        #.........   100%        5    None
 Yara's Violent Unravell  Hex/Tmut       #.........   100%        5    None
 Conjure Ball Lightning   Conj/Air       #.........   100%        6    None
 Dispersal                Tloc           #.........   100%        6    None
 Freezing Cloud           Conj/Ice/Air   #.........   100%        6    None
 Ozocubu's Refrigeration  Ice            #.........   100%        6    None
 Shadow Creatures         Summ           N/A          100%        6    None
 Simulacrum               Ice/Necr       #.........   100%        6    None
 Controlled Blink         Tloc           N/A          100%        8    None
 Tornado                  Air            #.........   100%        9    None


Dungeon Overview and Level Annotations

Branches:
Dungeon (14/15)            Temple (1/1) D:4            Lair (6/6) D:8
 Shoals (0/4) Lair:4       Spider (2/4) Lair:2        Slime (0/5) Lair:5
    Orc (2/2) D:12            Elf (0/3) Orc:2        Vaults (0/5) D:14
Ossuary (visited)           IceCv (visited)

Altars:
Elyvilon
Fedhas
Gozag
Hepliaklqana
Kikubaaqudgha
Nemelex Xobeh
Okawaru
Qazlal
Ru
Trog
Uskayaw
Vehumet
Yredelemnul
Jiyva

Shops:
D:7 :   D:9 **   D:12 [   D:13 (   D:14 ***   Orc:1 (   Orc:2 :!*

Annotations:
Lair:5 1 runed translucent door
Spider:1 3 runed translucent doors, Bolleh's ghost, journeyman GnSk; Rod Caur's ghost, adept HOFi
Spider:2 2 transporters, Anuqaetage's ghost, adept HOFi


Innate Abilities, Weirdness & Mutations

You reflexively headbutt those who attack you in melee.
You have a pair of horns on your head.


Message History

The entropic weave corrodes you!
Evoke which item? (* to show all) (? for menu, Esc to quit)
You're too confused!
You slash the entropy weaver!
The entropy weaver's magic leaks into the air.
You headbutt the entropy weaver!
The entropy weaver is moderately wounded.
The entropy weaver hits you but does no damage.
The entropy weaver completely misses you.
The entropy weaver hits you but does no damage. x2
The entropy weaver hits you.
* * * LOW HITPOINT WARNING * * *
The entropy weaver completely misses you.
The entropy weaver hits you but does no damage.
The entropy weaver hits you!
* * * LOW HITPOINT WARNING * * *
You're too confused!
The entropy weaver misses you. The entropy weaver hits you!
You die...
Your body crumbles into a pile of gold.

##...## ##.....#
##.....## #.......##
........^# .........#
###### ....^..###
##...<# ......#.#
#...a.## ........##
##...@^###
[..>.....###...$....#
....##^.#..#.......###
#....................##
#..................#..#
......................#
................[...^.#
..[...###......$..##..#
....###.#.....$$.## .##


You could see an entropy weaver.

Vanquished Creatures
  Frances (D:12)
  An orc warlord (Orc:2)
  The ghost of Onucvo the Cleaver, a journeyman FoFi of Okawaru (D:14)
  2 entropy weavers (Spider:1)
  Snorg (D:11)
  Josephine (D:10)
  Erolcha (D:12)
  Fannar (D:11)
  12 hydras
  A vault guard (D:14)
  A merfolk avatar (Lair:6)
  2 catoblepae
  3 centaur warriors (D:11)
  10 two-headed ogres
  An ogre mage (Orc:2)
  8 death yaks
  An orc high priest (Orc:1)
  Nergalle (D:12)
  A sea snake (Lair:6)
  4 unseen horrors
  7 orb spiders
  A lindwurm (D:14)
  2 necromancers
  5 oklob plants
  4 orc knights
  2 harpies (Lair:6)
  A deep elf mage (D:12)
  11 wolf spiders
  An ugly thing (D:11)
  2 orc sorcerers (Orc:1)
  2 cyclopes
  The ghost of Morgon the Cudgeler, a novice TrGl of Yredelemnul (D:7)
  17 elephants
  An ice statue (IceCv)
  4 black mambas
  A black mamba (shapeshifter) (D:14)
  3 gargoyles
  6 spiny frogs
  A kobold demonologist (D:11)
  An efreet (D:11)
  8 rime drakes
  16 komodo dragons
  12 freezing wraiths
  2 demonic crawlers (Spider:1)
  A merfolk (Lair:4)
  7 trolls
  6 polar bears
  6 jumping spiders (Spider:1)
  The ghost of JayGee the Cleaver, an amateur MiFi of Makhleb (D:5)
  7 hornets
  7 hippogriffs
  7 blink frogs
  13 tarantellas
  24 redbacks
  5 wyverns
  A vampire (D:11)
  5 wraiths (D:10)
  52 yaks
  3 hungry ghosts
  4 basilisks
  A death yak simulacrum (IceCv)
  8 wargs
  19 water moccasins
  10 porcupines
  2 sky beasts
  7 black bears
  36 orc warriors
  18 ice beasts
  3 eyes of draining
  A necrophage (D:12)
  A phantom (D:4)
  8 wolves
  13 ogres
  17 crocodiles
  13 centaurs
  An elf zombie (Ossuary)
  2 big kobolds
  15 bullfrogs
  A wyvern zombie (D:11)
  5 scorpions
  A wyvern skeleton (D:11)
  An elephant simulacrum (IceCv)
  4 killer bees
  8 wights
  A vampire bat (Lair:4)
  2 howler monkeys (D:6)
  2 electric eels
  3 draconian simulacra (IceCv)
  16 crimson imps
  4 quasits
  2 bullfrog zombies
  A centaur zombie (Ossuary)
  16 orc priests
  A wyvern simulacrum (D:14)
  10 hounds
  3 centaur skeletons
  5 jellies
  2 bullfrog skeletons
  6 iguanas
  9 worker ants
  22 orc wizards
  A hell rat (D:8)
  5 polar bear simulacra
  4 wolf simulacra (Lair:6)
  3 yak simulacra (Lair:6)
  5 troll simulacra (IceCv)
  2 spriggan simulacra (IceCv)
  A killer bee zombie (D:7)
  A big kobold zombie (Ossuary)
  4 centaur simulacra (IceCv)
  2 mummies (Ossuary)
  2 hound zombies
  A howler monkey zombie (D:11)
  7 adders
  A gnoll (D:3)
  A howler monkey skeleton (D:9)
  2 ogre simulacra (IceCv)
  4 naga simulacra (IceCv)
  2 river rats (D:8)
  7 shadow imps
  12 white imps (IceCv)
  2 oozes (D:3)
  An adder skeleton (D:5)
  2 adder zombies
  3 worms
  A dart slug (D:2)
  3 leopard geckos
  78 orcs
  18 bats
  13 giant cockroaches
  5 goblins
  10 hobgoblins
  7 jackals
  12 kobolds
  9 quokkas
  8 frilled lizards
  4 goblin zombies (Ossuary)
  11 hobgoblin zombies (Ossuary)
  2 jackal zombies (Ossuary)
  7 kobold zombies (Ossuary)
  9 orc zombies (Ossuary)
  A quokka skeleton (D:5)
  11 rats
  A river rat simulacrum (Lair:6)
  A fungus (Lair:6)
900 creatures vanquished.

Vanquished Creatures (others)
  A ghost moth (Spider:1)
  A redback (Spider:2)
  2 orcs
  19 fungi
  42 plants
65 creatures vanquished.

Grand Total: 965 creatures vanquished

Notes
Turn   | Place    | Note
-------+----------+-------------------------------------------
     0 | D:1      | hawla the Minotaur Fighter began the quest for the Orb.
     0 | D:1      | Reached XP level 1. HP: 19/19 MP: 0/0
   163 | D:1      | Reached XP level 2. HP: 27/27 MP: 1/1
   310 | D:1      | Reached skill level 1 in Dodging
   595 | D:1      | Reached XP level 3. HP: 33/33 MP: 2/2
   899 | D:2      | Found a hide-covered altar of Uskayaw.
   910 | D:2      | Found a basalt altar of Yredelemnul.
  1316 | D:2      | Found an ancient bone altar of Kikubaaqudgha.
  1316 | D:2      | Found a stormy altar of Qazlal.
  1625 | D:3      | Reached XP level 4. HP: 35/40 MP: 3/3
  1792 | D:3      | Noticed a centaur
  1800 | D:3      | Killed a centaur
  1800 | D:3      | Reached XP level 5. HP: 15/47 MP: 4/4
  1805 | D:3      | HP: 2/47 [orc/+0 dagger (2)]
  2065 | D:3      | Reached skill level 5 in Armour
  2322 | D:4      | Found a sand-covered staircase.
  2329 | Ossuary  | Entered an ossuary
  2458 | Ossuary  | Reached skill level 5 in Axes
  2458 | Ossuary  | Reached XP level 6. HP: 48/53 MP: 5/5
  2678 | D:4      | Found a staircase to the Ecumenical Temple.
  2706 | D:4      | Got a fine long sword
  2707 | D:4      | Identified the +10 long sword of Ewas {drain, *Drain rF+
                  | Str+4} (You found it on level 4 of the Dungeon)
  2718 | Temple   | Entered the Ecumenical Temple
  2740 | Temple   | Became a worshipper of Gozag Ym Sagoz the Greedy
  2820 | D:4      | Reached skill level 5 in Fighting
  2835 | D:4      | Reached XP level 7. HP: 58/61 MP: 6/6
  2854 | D:4      | Reached skill level 1 in Long Blades
  2878 | D:4      | Found a stormy altar of Qazlal.
  2942 | D:4      | Found a radiant altar of Vehumet.
  3920 | D:5      | Entered Level 5 of the Dungeon
  3925 | D:5      | Reached skill level 2 in Long Blades
  4037 | D:5      | Found a transporter.
  4044 | D:5      | Reached skill level 3 in Long Blades
  4434 | D:5      | Noticed JayGee's ghost (amateur MiFi)
  4446 | D:5      | Found a transporter.
  4451 | D:5      | Reached XP level 8. HP: 70/70 MP: 7/7
  4695 | D:6      | Reached skill level 4 in Long Blades
  4729 | D:6      | Reached skill level 5 in Dodging
  4793 | D:6      | Reached skill level 5 in Long Blades
  4850 | D:6      | Reached skill level 1 in Stealth
  4853 | D:6      | Reached skill level 6 in Long Blades
  5228 | D:7      | Found a runed translucent gate.
  5228 | D:7      | Found a runed translucent gate.
  5264 | D:7      | Found Damylil's Book Shoppe.
  5291 | D:7      | Found a runed translucent gate.
  5667 | D:7      | Reached skill level 7 in Long Blades
  5667 | D:7      | Reached XP level 9. HP: 73/78 MP: 8/8
  5953 | D:7      | Noticed Morgon's ghost (novice TrGl)
  6161 | D:8      | Reached skill level 8 in Long Blades
  6315 | D:8      | Found a blossoming altar of Fedhas.
  6458 | D:8      | Found a sacrificial altar of Ru.
  6479 | D:8      | Found a sparkling altar of Nemelex Xobeh.
  6481 | D:8      | Found a blossoming altar of Fedhas.
  6560 | D:8      | Noticed a death yak
  6562 | D:8      | Noticed a death yak
  6565 | D:8      | Found a staircase to the Lair.
  6566 | D:8      | Noticed a death yak
  6573 | D:8      | Killed a death yak
  6573 | D:8      | Reached skill level 9 in Long Blades
  6583 | D:8      | Killed a death yak
  6583 | D:8      | Reached skill level 10 in Long Blades
  6583 | D:8      | Reached XP level 10. HP: 50/88 MP: 9/9
  6589 | D:8      | Killed a death yak
  7438 | D:9      | Found Rech's Assorted Antiques.
  7441 | D:9      | Reached skill level 11 in Long Blades
  7466 | D:9      | Bought a bronze wand for 152 gold pieces
  7485 | D:9      | Killed an unseen horror
  7639 | D:9      | Reached skill level 1 in Throwing
  8059 | D:9      | Found Huak's General Store.
  8062 | D:9      | Bought a scroll of fear for 52 gold pieces
  8062 | D:9      | Bought a potion of flight for 45 gold pieces
  8062 | D:9      | Bought a lightning rod (4/4) for 600 gold pieces
  8062 | D:9      | Bought a scroll of teleportation for 45 gold pieces
  8062 | D:9      | Bought a potion of lignification for 45 gold pieces
  8094 | D:9      | Found a basalt altar of Yredelemnul.
  8259 | D:10     | Entered Level 10 of the Dungeon
  8264 | D:10     | Identified a scroll of acquirement
  8264 | D:10     | Acquired the amulet "Nuzesab" {Acrobat rC+ MP+9}
  8627 | D:10     | Reached XP level 11. HP: 95/95 MP: 10/10
  8652 | D:10     | Noticed Josephine
  9126 | D:10     | Reached skill level 12 in Long Blades
  9244 | D:10     | Killed Josephine
  9244 | D:10     | Reached skill level 10 in Armour
 10238 | D:11     | Reached skill level 1 in Evocations
 10586 | D:11     | Noticed Fannar
 10588 | D:11     | Noticed a two-headed ogre
 10598 | D:11     | Killed Fannar
 10603 | D:11     | Killed a two-headed ogre
 10847 | D:11     | Noticed a wolf spider
 10851 | D:11     | Killed a wolf spider
 10854 | D:11     | Noticed a purple ugly thing
 10875 | D:11     | Killed a purple ugly thing
 10875 | D:11     | Reached skill level 13 in Long Blades
 11068 | D:11     | Reached XP level 12. HP: 89/106 MP: 11/11
 11170 | D:11     | Noticed a five-headed hydra
 11171 | D:11     | Noticed a centaur warrior
 11171 | D:11     | Noticed a centaur warrior
 11174 | D:11     | Killed a five-headed hydra
 11176 | D:11     | Noticed a centaur warrior
 11177 | D:11     | Identified the ring "Diurchifos" {Dex+3 SInv}
 11178 | D:11     | Killed a centaur warrior
 11178 | D:11     | Reached skill level 10 in Fighting
 11199 | D:11     | Reached skill level 10 in Dodging
 11202 | D:11     | Killed a centaur warrior
 11209 | D:11     | Killed a centaur warrior
 11394 | D:11     | Identified the Compendium of the Warped Entourage
 11397 | D:11     | Got a warped wooden ring
 11399 | D:11     | Identified the Tome of the Boosting Voyage
 11402 | D:11     | Identified the ring "Azoffadiol" {rC++ Dex+6} (You found it
                  | on level 11 of the Dungeon)
 12037 | D:12     | Noticed Erolcha
 12044 | D:12     | Noticed Snorg
 12048 | D:12     | Killed Erolcha
 12066 | D:11     | Killed Snorg
 12462 | D:12     | Found Facaczur's Antique Armour Shop.
 12476 | D:12     | Bought a distressingly furry leather armour for 196 gold
                  | pieces
 12476 | D:12     | Bought a scorched leather armour for 196 gold pieces
 12486 | D:12     | Identified the +0 leather armour "Jomaynt" {rC+ Dex+4} (You
                  | bought it in a shop on level 12 of the Dungeon)
 12496 | D:12     | Identified the +5 leather armour of the Harvest {*Corrode
                  | rN++} (You bought it in a shop on level 12 of the Dungeon)
 12509 | D:12     | Noticed a two-headed ogre
 12510 | D:12     | Reached skill level 14 in Long Blades
 12513 | D:12     | Killed a two-headed ogre
 13254 | D:12     | Noticed Nergalle
 13263 | D:12     | Killed Nergalle
 13786 | D:12     | Noticed Frances
 13799 | D:12     | Killed Frances
 13799 | D:12     | Reached XP level 13. HP: 88/115 MP: 13/13
 14168 | D:12     | Found a staircase to the Orcish Mines.
 14344 | D:13     | Found Jawneoph's Weapon Shop.
 14349 | D:13     | Bought the +10 great sword of Zuleseoxt {vorpal, Fragile
                  | rF+++ Str+5} for 1673 gold pieces
 14858 | D:14     | Found Fypory's General Store.
 14873 | D:14     | Bought a scarf of repulsion for 156 gold pieces
 14947 | D:14     | Found Wehoush's General Store.
 14959 | D:14     | Bought a potion of heal wounds for 85 gold pieces
 15040 | D:14     | Noticed Onucvo's ghost (journeyman FoFi)
 15041 | D:14     | Found a runed translucent door.
 15066 | D:14     | Found Umeicunn's General Store.
 15083 | D:14     | Bought a scroll of holy word for 97 gold pieces
 15357 | D:14     | Reached skill level 5 in Throwing
 15412 | D:14     | Found an iron altar of Okawaru.
 15493 | D:14     | Found a gate to the Vaults.
 15611 | D:14     | Bought a ration for 65 gold pieces
 15651 | D:14     | Bought a ration for 85 gold pieces
 16191 | Temple   | Acquired 4050 gold pieces
 16399 | D:14     | Bought the +7 flail of the Screaming Priest {vorpal, Int+2}
                  | for 668 gold pieces
 16534 | D:7      | Killed Morgon's ghost
 16644 | D:5      | Killed JayGee's ghost
 16644 | D:5      | Reached skill level 1 in Maces & Flails
 16963 | Orc:1    | Entered Level 1 of the Orcish Mines
 17467 | Orc:1    | Found Wesh's Weapon Shoppe.
 17498 | Orc:1    | Found a frozen archway.
 17515 | IceCv    | Entered an ice cave
 18206 | IceCv    | Found an ancient bone altar of Kikubaaqudgha.
 18453 | IceCv    | Reached skill level 15 in Long Blades
 19164 | Orc:1    | Bought the cursed +1 shortbow of Royalism {venom, SInv} for
                  | 268 gold pieces
 19164 | Orc:1    | Bought the cursed +0 triple sword of a sewer {antimagic,
                  | +Fly rPois} for 644 gold pieces
 19275 | Orc:2    | Entered Level 2 of the Orcish Mines
 20459 | Orc:2    | Reached XP level 14. HP: 112/127 MP: 7/14
 20598 | Orc:2    | Found a staircase to the Elven Halls.
 20601 | Orc:2    | Paralysed by an orc sorcerer for 7 turns
 20609 | Orc:2    | Paralysed by an orc sorcerer for 7 turns
 21480 | Orc:2    | Noticed an orc warlord
 21496 | Orc:2    | Killed an orc warlord
 21496 | Orc:2    | Reached skill level 16 in Long Blades
 22246 | Orc:2    | Found Baitynepn's Distillery.
 22246 | Orc:2    | Found Namn's Gadget Boutique.
 22248 | Orc:2    | Found Iwkib's Book Shop.
 22250 | Orc:2    | Found Colekebioz's General Store.
 22254 | Orc:2    | Bought a potion of heal wounds for 70 gold pieces
 22254 | Orc:2    | Bought a potion of heal wounds for 70 gold pieces
 22254 | Orc:2    | Bought a potion of invisibility for 112 gold pieces
 22254 | Orc:2    | Bought a potion of curing for 42 gold pieces
 22254 | Orc:2    | Bought a potion of berserk rage for 70 gold pieces
 22254 | Orc:2    | Bought a potion of heal wounds for 70 gold pieces
 22254 | Orc:2    | Bought a potion of might for 56 gold pieces
 22254 | Orc:2    | Bought a potion of curing for 42 gold pieces
 22256 | Orc:2    | Bought a wand of digging (6) for 320 gold pieces
 22256 | Orc:2    | Bought a scroll of acquirement for 832 gold pieces
 22267 | Orc:2    | Bought a book of Cantrips for 280 gold pieces
 22575 | Temple   | Acquired a +2 hat of see invisible
 22757 | Lair:1   | Entered Level 1 of the Lair of Beasts
 23907 | Lair:2   | Found a hole to the Spider Nest.
 25985 | Lair:3   | Reached skill level 17 in Long Blades
 26293 | Temple   | Learned a level 1 spell: Apportation
 26306 | Temple   | Learned a level 2 spell: Blink
 28230 | Lair:4   | Reached skill level 15 in Armour
 28647 | Lair:4   | Found a staircase to the Shoals.
 29059 | Lair:5   | Reached XP level 15. HP: 117/137 MP: 4/15
 29175 | Lair:5   | Found a basalt altar of Yredelemnul.
 30179 | Lair:5   | You fall into a shaft and drop 1 floor!
 30179 | Lair:6   | Entered Level 6 of the Lair of Beasts
 30755 | Lair:6   | Reached skill level 18 in Long Blades
 31601 | Lair:5   | Found a runed translucent door.
 31602 | Lair:5   | Found a viscous altar of Jiyva.
 31603 | Lair:5   | Found a staircase to the Slime Pits.
 32476 | Lair:6   | Reached skill level 5 in Maces & Flails
 33472 | Lair:6   | Got a fine ring mail
 33718 | Lair:6   | Identified the cursed +0 ring mail of the Lich-sworn
                  | {rPois} (You found it on level 6 of the Lair of Beasts)
 33731 | Lair:6   | Got a coiled amber ring
 33751 | Lair:6   | Identified the ring of the Bespelling Saviour {rElec Str+6
                  | Int-4 Dex+7 Stlth+} (You found it on level 6 of the Lair of
                  | Beasts)
 34060 | D:14     | Killed Onucvo's ghost
 34159 | D:14     | Bought a ration for 85 gold pieces
 34159 | D:14     | Bought a ration for 85 gold pieces
 34922 | Spider:1 | Entered Level 1 of the Spider Nest
 34942 | Spider:1 | Found a runed translucent gate.
 34943 | Spider:1 | Found a runed translucent gate.
 34944 | Spider:1 | Found a runed translucent gate.
 34946 | Spider:1 | Noticed Rod Caur's ghost (adept HOFi)
 34946 | Spider:1 | Noticed Bolleh's ghost (journeyman GnSk)
 35000 | Spider:1 | Noticed a ghost moth
 35005 | Spider:1 | Killed a ghost moth
 35471 | Spider:1 | Reached skill level 19 in Long Blades
 35471 | Spider:1 | Reached XP level 16. HP: 116/147 MP: 5/16
 35570 | Spider:1 | Reached skill level 15 in Fighting
 36702 | Spider:2 | Got a transparent spear
 36703 | Spider:2 | Identified the +6 spear "Suuxadiwni" {flame, Fragile +Blink
                  | rElec rC+++} (You found it on level 2 of the Spider Nest)
 37306 | Spider:2 | Found a transporter.
 37310 | Spider:2 | Noticed Anuqaetage's ghost (adept HOFi)
 37322 | Spider:2 | Found a transporter.
 37530 | Spider:2 | HP: 7/149 [entropy weaver (11)]
 37531 | Spider:2 | Slain by an entropy weaver

Illustrated notes

Levels and vault maps discovered:
D:1:      minmay_arrival_up_and_down, layout_rooms,
          minmay_misc_feat_more_columns, chequers_serial_rivers_micro_b
D:2:      layout_basic, amethyst_overflow_temple_binary,
          gammafunk_temple_overflow_wave, minmay_pentomino_v2
D:3:      layout_basic, first_ration, minmay_bisected
D:4:      layout_layer_cave, fiery_altar_vehumet,
          minmay_temple_entry_statues_pillars, enter_ossuary_2,
          grunt_qazlal_clouds
D:5:      layout_loops_ring, gammafunk_ghost_stat_death
D:6:      layout_rooms
D:7:      layout_gridville, serial_shops, kennysheep_mini_moat,
          ebering_ghost_rock_garden, grunt_ogre_cave
D:8:      layout_loops_cross, minitemple, hangedman_ru_absence,
          dpeg_lair_monsters, fedhas_altar_2
D:9:      layout_basic, basic_altar, serial_shops, nicolae_shop_behind_doors,
          nicolae_shop_statue_plus, kennysheep_big_empty_room, grunt_tough_drop
D:10:     layout_gridville, minmay_door_square, uniq_josephine
D:11:     minmay_the_grid_octo_tiled_squarecenter [minmay_the_grid_octo_focus,
          minmay_the_grid_octo_checkerflower,
          minmay_the_grid_octo_thin_diamonds,
          minmay_the_grid_octo_tetromino_candy,
          minmay_the_grid_square_5x5_megaprize_open,
          minmay_the_grid_square_5x5_bite, minmay_the_grid_square_5x5_three,
          minmay_the_grid_square_5x5_almost_minimal,
          minmay_the_grid_square_5x5_checkered_sparse], layout_layer_cave,
          minmay_splitting_lines, chequers_serial_rivers_marsh, uniq_fannar
D:12:     layout_loops_ring, erik_orc_2, serial_shops, shop_coins, uniq_frances,
          uniq_nergalle, uniq_snorg, uniq_erolcha
D:13:     layout_roguey, serial_shops, shop, shop_coins
D:14:     layout_irregular_city, david_vaults_4, hellmonk_ghost_happy_afterlife,
          serial_shops, nicolae_shop_crystal, shop, shop, minmay_misc_feat_five,
          basic_altar
Temple:   dpeg_chambers_temple
Lair:1:   beast_lair_carwin_large_3, layout_chaotic_city,
          chequers_serial_rivers_small_3, grunt_megastairs_3,
          infiniplex_staircase_pool
Lair:2:   layout_regular_city, nicolae_spider_entry_non_spiders
Lair:3:   layout_layer_cave, minmay_lair_oklob_chamber
Lair:4:   layout_long_grid, elwin_shoals_entry_rooms, roderic_batcave,
          nicolae_lair_grove_arrangements
Lair:5:   layout_gridlike, slime_altar_2, basic_altar, nzn_random_ring
Lair:6:   gammafunk_lair_ancient_temple, layout_misc_corridors, minivault_23,
          eino_house_with_fridge
Spider:1: layout_spider_delve, gammafunk_ghost_cemetery,
          hangedman_spider_tarantella_strand
Spider:2: layout_spider_delve, gammafunk_ghost_berserking_beasts
Orc:1:    cheibrodos_orc_guarddog, layout_caves, serial_shops, shop,
          portal_ice_cave_entry_ice_beasts
Orc:2:    st_orc_rangers, layout_caves, mines3_lemuel

Skill      XL: |  1  2  3  4  5  6  7  8  9 10 11 12 13 14 15 16 |
---------------+-------------------------------------------------+-----
Fighting       | 4 5 6 7 8 9 11 12 13 14 15 | 15.3
Armour         | 4 5 6 7 8 9 11 12 14 15 16 | 16.3
Dodging        | 1 2 3 4 6 7 8 9 10 | 10.8
Axes           | 3 4 5 |  5.6
Long Blades    | 3 7 10 11 13 14 15 17 19 | 19.4
Stealth        | 1 2 3 4 |  4.4
Throwing       | 1 3 5 |  5.9
Evocations     | 1 2 |  2.3
Maces & Flails | 1 6 |  6.2
Shields        | |  3.6
Spellcasting   | |  0.6
Translocations | |  0.2

Action                   |  1- 3 |  4- 6 |  7- 9 | 10-12 | 13-15 | 16-18 || total
-------------------------+-------+-------+-------+-------+-------+-------++-------
Melee: War axe           |   110 |    20 |       |       |       |       ||   130
       Headbutt          |     9 |    20 |    26 |   122 |   436 |    47 ||   660
       Hand axe          |       |    94 |       |       |       |       ||    94
       Long sword        |       |    14 |   169 |   410 |   346 |       ||   939
       Triple sword      |       |       |       |       |   749 |   140 ||   889
       Flail             |       |       |       |       |   155 |       ||   155
Throw: Dart              |       |       |       |    56 |       |       ||    56
       Javelin           |       |       |       |     6 |       |       ||     6
       Boomerang         |       |       |       |       |    39 |     7 ||    46
 Cast: Blink             |       |       |       |       |     5 |       ||     5
       Apportation       |       |       |       |       |     3 |       ||     3
Evoke: Lightning rod     |       |       |       |     6 |     2 |       ||     8
       Wand              |       |       |       |     5 |    19 |       ||    24
       Box of beasts     |       |       |       |       |     2 |       ||     2
       Phial of floods   |       |       |       |       |     1 |       ||     1
  Use: Scroll            |     6 |     5 |     1 |    12 |    23 |       ||    47
       Potion            |       |     4 |       |     5 |     8 |     8 ||    25
 Stab: Distracted        |       |     1 |     1 |     3 |     9 |       ||    14
       Sleeping          |       |       |       |       |     2 |       ||     2
       Petrified         |       |       |       |       |     4 |       ||     4
  Eat: Chunk             |     2 |     3 |       |       |       |       ||     5
       Ration            |       |     1 |     3 |     8 |    21 |     2 ||    35
Armor: Scale mail        |    75 |    21 |       |       |       |       ||    96
       Chain mail        |       |    47 |    76 |   129 |       |       ||   252
       Crystal plate arm |       |       |       |     8 |  1363 |   243 ||  1614
       Leather armour    |       |       |       |     3 |       |       ||     3
       Robe              |       |       |       |       |     1 |       ||     1
Dodge: Dodged            |    82 |    66 |    94 |   265 |  1100 |   183 ||  1790
       Repelled          |       |       |       |       |    61 |       ||    61
Block: Other             |       |       |    12 |    17 |       |       ||    29
       Rpst.: Long sword |       |     2 |    23 |    55 |    41 |       ||   121
       Triple sword      |       |       |       |       |   126 |    22 ||   148
